 Dungeon Crawl Stone Soup version 0.30-a0-1103-g25895a7845 (webtiles) character file.

Game seed: 18136505987861391438

63 Jeffwins the Trooper (level 4, -1/34 HPs)
             Began as a Human Wanderer on Apr 18, 2023.
             Slain by Terence
             ... wielding a +0 falchion
              (5 damage)
             ... on level 2 of the Dungeon.
             The game lasted 00:02:11 (1043 turns).

Jeffwins the Trooper (Human Wanderer)               Turns: 1043, Time: 00:02:11

Health: -1/34      AC:  3    Str: 10    XL:     4   Next: 31%
Magic:  4/4        EV: 11    Int: 11    God:
Gold:   59         SH:  0    Dex: 18    Spells: 3/3 levels left

rFire   . . .      SeeInvis .    b - +0 sling
rCold   . . .      Faith    .    (no shield)
rNeg    . . .      Spirit   .    i - +0 leather armour
rPois   .          Reflect  .    (no helmet)
rElec   .          Rampage  .    (no cloak)
rCorr   .                        (no gloves)
Will    .....                    (no boots)
Stlth   ++                       (no amulet)
HPRegen 0.25/turn                (no ring)
MPRegen 0.09/turn                (no ring)

@: no status effects
A: no striking features
a: no special abilities


You were on level 2 of the Dungeon.
You visited 1 branch of the dungeon, and saw 2 of its levels.

You collected 59 gold pieces.


   Skills:
 + Level 2.6 Fighting
 - Level 2.0 Short Blades
 - Level 2.0 Staves
 * Level 2.4 Ranged Weapons
 - Level 2.0 Armour
 + Level 0.3 Dodging
 + Level 2.1 Stealth
 - Level 1.0 Invocations


You had 3 spell levels left.
You didn't know any spells.
Your spell library contained the following spells:

 Spells                   Type           Power      Damage    Failure   Level
 Beastly Appendage        Tmut           0%         N/A       43%         1
 Wereblood                Tmut           0%         N/A       56%         2
 Spider Form              Tmut/Pois      0%         N/A       80%         3

Inventory:

Hand Weapons
 a - a +3 short sword
 b - a +0 sling (weapon)
 f - a +1 dagger of draining
Armour
 i - a +0 leather armour (worn)
Scrolls
 c - a scroll of silence {!r}
 e - a scroll of butterflies {unknown}
 h - a scroll of identify {unknown}
Potions
 d - a potion of brilliance {unknown}
 g - a potion of curing {unknown}
 j - a potion of attraction {unknown}

Dungeon Overview and Level Annotations

Branches:
Dungeon (2/15)

Altars:

Annotations:
D:2 Terence

########..##.#
#.........##.#
#.........##.#
#.........##.#
########.....#
#.##### #.#
#.# #@# ## #@#
.# #)# .# #.#
.# ... ## ...
... #....


You could see Terence.


Message History

Unknown command.
You shoot a sling bullet.
The sling bullet hits Terence but does no damage.
Terence is almost dead.
Terence barely misses you. Terence hits you with a +0 falchion!
* * * LOW HITPOINT WARNING * * *
Unknown command.
You shoot a sling bullet.
The sling bullet hits Terence but does no damage.
Terence is almost dead.
Terence barely misses you.
Unknown command.
You shoot a sling bullet. The sling bullet hits Terence.
Terence is almost dead.
Terence hits you but does no damage.
Unknown command.
You shoot a sling bullet. The sling bullet barely misses Terence.
Terence hits you with a +0 falchion.
* * * LOW HITPOINT WARNING * * *
Terence hits you with a +0 falchion.
* * * LOW HITPOINT WARNING * * *
Unknown command.
You shoot a sling bullet.
The sling bullet hits Terence but does no damage.
Terence is almost dead.
Terence closely misses you.
Unknown command.
You shoot a sling bullet. The sling bullet barely misses Terence.
Terence hits you with a +0 falchion.
You die...

Skill      XL: |  1  2  3 |
---------------+----------+-----
Ranged Weapons | 1 2 |  2.4
Stealth        | 2 |  2.1
Fighting       | |  2.6
Short Blades   | |  2.0
Staves         | |  2.0
Armour         | |  2.0
Dodging        | |  0.3
Invocations    | |  1.0

Action                     |  1- 3 |  4- 6 || total
---------------------------+-------+-------++-------
  Melee: Short sword       |    27 |       ||    27
   Fire: Sling             |    82 |    32 ||   114
   Stab: Sleeping          |     1 |       ||     1
 Armour: Robe              |    16 |       ||    16
         Leather armour    |     1 |     6 ||     7
  Dodge: Dodged            |    34 |    12 ||    46

Levels and vault maps discovered:
D:1:      amcnicky_arrival_flooded_fountain, layout_rooms,
          ebering_ecumenical_altar_box, serial_bayou, serial_bayou_pond_b,
          serial_bayou_pond_c, serial_bayou_crossing, serial_bayou_pond_a,
          serial_bayou_ford_a
D:2:      layout_basic, uniq_terence

Notes
Turn   | Place    | Note
-------+----------+-------------------------------------------
     0 | D:1      | Jeffwins the Human Wanderer began the quest for the Orb.
     0 | D:1      | Jeffwins set off with the following items: a +3 short
                  | sword, a +0 quarterstaff, a scroll of silence {!r}, a +0
                  | robe.
     0 | D:1      | Reached XP level 1. HP: 16/16 MP: 1/1
    51 | D:1      | Reached XP level 2. HP: 12/22 MP: 2/2
    57 | D:1      | Reached skill level 1 in Ranged Weapons
   210 | D:1      | Reached XP level 3. HP: 25/28 MP: 3/3
   494 | D:1      | Reached skill level 2 in Ranged Weapons
   499 | D:1      | Found a faded altar of an unknown god.
   823 | D:2      | Reached skill level 2 in Stealth
   837 | D:2      | Reached XP level 4. HP: 29/34 MP: 4/4
  1023 | D:2      | Noticed Terence
  1043 | D:2      | Slain by Terence

Vanquished Creatures
  A gnoll (D:1)
  An adder (D:2)
  2 dart slugs (D:1)
  2 bats (D:1)
  An endoplasm (D:2)
  A giant cockroach (D:1)
  4 goblins
  4 hobgoblins
  3 jackals (D:1)
  A quokka (D:1)
  3 ball pythons
  4 frilled lizards (D:1)
  6 kobolds
  7 rats
40 creatures vanquished.

Vanquished Creatures (others)
  A plant (D:1)
1 creature vanquished.

Grand Total: 41 creatures vanquished

Table legend: (Time is in decaauts)
 A = Elapsed time spent in this place.
 B = Non-inter-level travel time spent in this place.
 C = Inter-level travel time spent in this place.
 D = Time resting spent in this place.
 E = Time spent auto-exploring this place.
 F = Levels seen in this place.
 G = Mean time per level.
                   A        B        C        D        E       F      G
               +--------+--------+--------+--------+--------+-----+--------+
         Total |   1095 |   1057 |     38 |     37 |    733 |   2 |  547.5 |
       Dungeon |   1095 |   1057 |     38 |     37 |    733 |   2 |  547.5 |
               +--------+--------+--------+--------+--------+-----+--------+

Top non-repeatable levels by time:
     D:1: 819 daAuts
     D:2: 276 daAuts

Table legend:
 A = Non-vault XP
 B = Vault XP
 C = Vault XP percentage of total XP
 D = Non-vault monster count
 E = Vault monster count
 F = Vault count percentage of total count
                 A         B        C        D         E       F
            +---------+---------+-------+---------+---------+-------
      Total |      90 |       1 |   1.1 |      39 |       1 |   2.5
            +---------+---------+-------+---------+---------+-------
        D:1 |      61 |       1 |   1.6 |      28 |       1 |   3.4
        D:2 |      29 |       0 |   0.0 |      11 |       0 |   0.0
            +---------+---------+-------+---------+---------+-------
